Map: White Rabbit LE

Players

HoldTheDoor

  • Race: Protoss Protoss
  • League: Diamond
  • Spawn Location: 1:00

Dor - Winner!

  • Race: Terran Terran
  • League: Diamond
  • Spawn Location: 7:00

VOD

Have the link to the VOD?

Description

Time

  • Played on: May 25, 2026, 12:57 p.m.
  • Length: 5:14
Show
View Real Time Build Order
Export as new Build Order

HoldTheDoor Protoss 

Build Orders: 1 Gate Expand, Phoenix Opening 

Get SALT Encoding   

  12  0:00  Probe  
  13  0:12  Probe  
  14  0:18  Pylon  
  14  0:24  Probe  
  15  0:32  Probe  
  15  0:39  Gateway  
  15  0:40  Probe  
  17  0:50  Assimilator  
  17  0:51  Probe  
  18  1:03  Probe  
  19  1:15  Probe  
  20  1:27  Nexus  
  20  1:29  Probe  
  21  1:39  Cybernetics Core  
  21  1:46  Pylon  
  21  1:49  Probe  
  22  1:56  Assimilator  
  22  2:01  Probe  
  23  2:05  Adept  
  23  2:13  Probe  
  26  2:17  Warp Gate  
  26  2:20  Shield Battery  
  26  2:25  Probe  
  26  2:29  Pylon  
  27  2:37  Probe, Sentry  
  27  2:40  Probe  
  31  2:49  Probe  
  32  2:55  Probe  
  33  2:59  Assimilator  
  33  3:01  Stargate, Probe  
  34  3:07  Gateway  
  34  3:14  Probe x2  
  36  3:20  Gateway  
  36  3:22  Pylon  
  36  3:26  Probe  
  37  3:27  Probe  
  38  3:38  Probe  
  38  3:39  Probe  
  40  3:41  Phoenix  
  40  3:50  Probe  
  40  3:52  Probe  
  44  3:56  Shield Battery  
  44  4:05  Adept x2  
  48  4:16  Void Ray  
  48  4:22  Zealot  
  44  4:39  Adept x2  
  48  4:48  Stalker  
Show
View Real Time Build Order
Export as new Build Order

Dor Terran - Winner!

Build Orders:  

Get SALT Encoding   

  12  0:01  SCV  
  14  0:14  SCV  
  14  0:17  Supply Depot  
  14  0:26  SCV  
  15  0:35  Refinery  
  16  0:44  Barracks  
  16  0:46  SCV  
  16  0:55  Refinery  
  16  1:00  SCV  
  17  1:12  SCV  
  19  1:25  SCV  
  19  1:35  Barracks Reactor  
  19  1:38  Orbital Command  
  19  1:46  Factory  
  19  2:06  SCV  
  20  2:12  Marine  
  20  2:13  Marine  
  22  2:28  Command Center  
  22  2:30  Factory Tech Lab  
  22  2:37  Supply Depot  
  22  2:40  Marine  
  23  2:58  Supply Depot, Marine, Siege Tank  
  23  2:59  Marine  
  23  3:05  SCV  
  29  3:17  Barracks  
  29  3:19  Marine  
  29  3:20  Marine  
  29  3:22  SCV  
  32  3:37  SCV  
  33  3:43  Siege Tank  
  36  3:49  SCV  
  36  3:52  Marine x2  
  40  3:57  Orbital Command  
  39  4:09  Marine  
  40  4:10  Marine  
  41  4:27  Bunker  
  41  4:30  Bunker  
  40  4:41  Marine x2  
  40  4:42  Siege Tank  
  45  4:45  SCV x2  
  47  4:57  SCV  
  47  4:58  SCV  
  48  5:00  Starport  
Tags
 
Add a new tag
Caveats
  • Supply blocks, unpowered buildings, or Contaminate may cause inaccurate times.
  • Supply counts are checked every 10 seconds.